 Dungeon Crawl Stone Soup version 0.29.0-11-gd7f09526c8 (webtiles) character file.

Game seed: 10878032549259530482

63 mortz the Covered (level 3, 0/31 HPs)
             Began as a Demigod Fighter on Sept 4, 2022.
             Killed from afar by Jessica (11 damage)
             ... with a bolt of light
             ... on level 3 of the Dungeon.
             The game lasted 00:09:35 (2120 turns).

mortz the Covered (Demigod Fighter)                 Turns: 2120, Time: 00:09:36

Health: 0/31       AC: 14    Str: 21    XL:     3   Next: 61%
Magic:  5/5        EV:  5    Int: 13    God:
Gold:   140        SH:  0    Dex: 13    Spells: 2/2 levels left

rFire   . . .      SeeInvis .   p - +10 long sword of Superiority {venom, Int+3, long}
rCold   . . .      Faith    .   c - +0 buckler
rNeg    . . .      Spirit   .   j - +1 plate armour {Will+}
rPois   .          Reflect  .   (no helmet)
rElec   .          Harm     .   (no cloak)
rCorr   .          Rampage  .   (no gloves)
Will    +....                   q - +1 pair of boots
Stlth   ..........              (no amulet)
HPRegen 0.10/turn               (no ring)
MPRegen 0.09/turn               (no ring)

@: confused
A: high MP 1, forlorn, divine attributes
a: no special abilities


You were on level 3 of the Dungeon.
You visited 1 branch of the dungeon, and saw 3 of its levels.

You collected 140 gold pieces.


Innate Abilities, Weirdness & Mutations

You have an increased reservoir of magic. (+10% MP)
You shall have no god before yourself.
Your divine heritage dramatically boosts your attributes as you level up.


   Skills:
 * Level 3.0 Fighting
 + Level 0.2(1.7) Short Blades
 * Level 2.8(2.9) Long Blades
 + Level 3.2 Armour
 + Level 0.1 Dodging
 + Level 2.8 Shields


You had 2 spell levels left.
You didn't know any spells.
Your spell library contained the following spells:

 Spells                   Type           Power      Damage    Failure   Level
 Call Canine Familiar     Summ           0%         N/A       100%        3
 Conjure Flame            Conj/Fire      0%         6-21      100%        3
 Ignite Poison            Fire/Tmut/Pois 0%         N/A       100%        3
 Portal Projectile        Hex/Tloc       0%         N/A       100%        3
 Leda's Liquefaction      Hex/Erth       0%         N/A       100%        4
 Sticky Flame             Conj/Fire      0%         2d3       100%        4

Inventory:

Hand Weapons
 f - a +3 dagger {short}
   (You found it on level 1 of the Dungeon)
 p - the +10 long sword of Superiority (weapon) {venom, Int+3, long}
   (You found it on level 2 of the Dungeon)

   It poisons the flesh of those it strikes.
   Int:       It affects your intelligence (+3).
Missiles
 o - 7 stones (quivered) {throwing}
Armour
 b - a +0 helmet
   (You found it on level 3 of the Dungeon)
 c - a +0 buckler (worn)
 j - a +1 plate armour of willpower (worn)
   (You found it on level 1 of the Dungeon)
 q - a +1 pair of boots (worn)
   (You found it on level 2 of the Dungeon)
Scrolls
 i - 2 scrolls of butterflies
 t - 2 scrolls of identify {@r1}
Potions
 a - a potion of brilliance {unknown}
 d - 2 potions of might
 n - 2 potions of heal wounds {@q2}

Dungeon Overview and Level Annotations

Branches:
Dungeon (3/15) Zot: 15856

Shops:
D:2 [

Annotations:
D:3 Jessica

#....#.<._.#..........#...J..
#...#.......#..###.....@....
#...#..#.<..#..# #####.#####
##...##.....##.## #.#
........#####..# #.# #
.#............## ###.#.#
#..........#########.....#
............#..........##.#
...........@@)..........#.#
............#...............
.##.#+#####.###..#######.....
#. ##~###### $.... # #~~~#
..... #~~~# ...< ##~## ...
#~# #~#


You could see Jessica (fast, very poisoned).


Message History

Done exploring.
Done exploring.
Okay, then.
As you read the scroll labelled KYEGUE WAJI, it crumbles to dust.
It is a scroll of enchant armour.
Your +0 pair of boots glows green for a moment.
As you read the scroll of enchant armour, it crumbles to dust.
Your +0 plate armour of willpower glows green for a moment.
The air fills with toxic fumes!
As you read the scroll labelled WOENAI QITONO, it crumbles to dust.
It was a scroll of poison.
As you read the scroll labelled TUSMU BIHOE, it crumbles to dust.
You feel momentarily disoriented.
It was a scroll of magic mapping.
Unknown command.
You drop a +0 long sword {long}.
You drop a +0 scale mail.
You drop a +0 leather armour.
You drop a +0 robe.
You drop a +0 chain mail.
You drop a +0 ring mail.
You drop a +0 robe.
You drop a +0 chain mail.
You start waiting.
Done waiting.
There is an escape hatch in the floor here.
There is a stone staircase leading down here.
You climb downwards.
You hear the sound of rushing water.
There is an entrance to a sewer on this level.
Hurry and find it before the portal rusts away!
Found 24 gold pieces, a yellow potion and a club.
Found a faded altar of an unknown god.
Found an escape hatch in the ceiling.
Found a stone staircase leading up.
There is a stone staircase leading up here.
a - a yellow potion You now have 130 gold pieces (gained 14).
You enter the shallow water.
Moving in this stuff is going to be slow.
You enter the shallow water.
Moving in this stuff is going to be slow.
A rat comes into view.
The rat bites you but does no damage. The rat bites you. 😕 HP[-3]
You take 3 damage, and now have 28/31 hp.
You barely miss the rat. The rat barely misses you.
Your unstable footing causes you to fumble your attack.
The rat bites you but does no damage.
You slash the rat!
You kill the rat! 😕 HP[+1]
You hear the slow rusting of a drain.
You now have 140 gold pieces (gained 10).
A kobold comes into view. It is wielding a +0 dagger.
The kobold shouts! 😎 HP[+2]
Your hp is fully restored (31).
An endoplasm comes into view.
Jessica the Apprentice Sorceress comes into view.
She is wielding a +0 club, wearing a +2 robe of willpower and carrying a wand of light (10).
You see here a +0 helmet.
b - a +0 helmet You hear the slow rusting of a drain nearby.
Found 17 gold pieces.
Found a stone staircase leading up.
Jessica gestures wildly while chanting.
Jessica seems to speed up.
Jessica mumbles something strange.
Jessica zaps a wand.
The bolt of light hits you!!
You are confused.
Ouch! That really hurt!
* * * LOW HITPOINT WARNING * * *
😨 HP[-20]
You take 20 damage, and now have 11/31 hp.
MASSIVE DAMAGE!! (PAUSE)
You feel better.
Jessica mumbles some strange words.
Jessica blinks! 😮 HP[+9]
You regained 9 hp, and now have 20/31 hp.
You slash the kobold!
You kill the kobold!
The endoplasm hits you but does no damage.
You slash the endoplasm!
You kill the endoplasm!
Jessica casts a spell.
Jessica blinks!
Jessica hits you with a +0 club. 😮 HP[-2]
You take 2 damage, and now have 18/31 hp.
You hit Jessica.
Jessica is poisoned.
Jessica barely misses you. x2
You barely miss Jessica.
Jessica zaps a wand.
The bolt of light hits you!
You are confused.
* * * LOW HITPOINT WARNING * * *
Jessica hits you but does no damage. 😨 HP[-7]
You take 7 damage, and now have 11/31 hp.
MASSIVE DAMAGE!! (PAUSE)
You miss Jessica.
Jessica zaps a wand.
The bolt of light hits you!
You die...

Skill      XL: |  1  2  3 |
---------------+----------+-----
Long Blades    | 2 |  2.8
Armour         | 3 |  3.2
Fighting       | 3 |  3.0
Short Blades   | |  0.2
Dodging        | |  0.1
Shields        | |  2.8

Action                   || total
-------------------------++-------
Melee: Dagger            ||    43
       Long sword        ||    60
Throw: Stone             ||     1
  Use: Scroll            ||     8
       Potion            ||     1
Armor: Scale mail        ||     6
       Plate armour      ||    39
Dodge: Dodged            ||    30
Block: Buckler           ||    12

Levels and vault maps discovered:
D:1:      sevenhm_arrival_forest_fort_small_6, layout_basic
D:2:      layout_basic, serial_shops, shop
D:3:      layout_basic, lemuel_tele_altar, gup_sewer_entry_bubbles,
          nicolae_ecumenical_pavilion, uniq_jessica

Notes
Turn   | Place    | Note
-------+----------+-------------------------------------------
     0 | D:1      | mortz the Demigod Fighter began the quest for the Orb.
     0 | D:1      | Reached XP level 1. HP: 18/18 MP: 3/3
     0 | D:1      | magus.rc [v1.9.6]
   323 | D:1      | Reached skill level 2 in Long Blades
   647 | D:1      | Reached XP level 2. HP: 18/25 MP: 4/4
  1029 | D:1      | You pick up a book of the Hunter and begin reading...
  1029 | D:1      | You add the spells Call Canine Familiar, Portal Projectile
                  | and Leda's Liquefaction to your library.
  1042 | D:1      | Reached skill level 3 in Armour
  1101 | D:1      | You add the spells Conjure Flame, Ignite Poison and Sticky
                  | Flame to your library.
  1383 | D:2      | Identified the +10 long sword of Superiority {venom, Int+3}
  1393 | D:2      | Reached XP level 3. HP: 30/30 MP: 5/5
  1428 | D:2      | Found Edeizu Barar's Antique Armour Shop.
  1607 | D:2      | Reached skill level 3 in Fighting
  2092 | D:3      | Noticed Jessica
  2120 | D:3      | Killed from afar by Jessica

Vanquished Creatures
  2 adders (D:2)
  A worm (D:2)
  A dart slug (D:1)
  A bat (D:2)
  8 endoplasms
  A giant cockroach (D:2)
  3 goblins
  4 hobgoblins
  3 quokkas
  2 ball pythons
  4 frilled lizards
  2 kobolds
  6 rats
38 creatures vanquished.

Table legend:
 A = Non-vault XP
 B = Vault XP
 C = Vault XP percentage of total XP
 D = Non-vault monster count
 E = Vault monster count
 F = Vault count percentage of total count
                 A         B        C        D         E       F
            +---------+---------+-------+---------+---------+-------
      Total |      89 |       1 |   1.1 |      37 |       1 |   2.6
            +---------+---------+-------+---------+---------+-------
        D:1 |      26 |       0 |   0.0 |      16 |       0 |   0.0
        D:2 |      60 |       0 |   0.0 |      19 |       0 |   0.0
        D:3 |       3 |       1 |  25.0 |       2 |       1 |  33.3
            +---------+---------+-------+---------+---------+-------

Illustrated notes

Table legend:
 A = Kills in this place as a percentage of kills in entire the game.
 B = Kills by you in this place as a percentage of kills by you in the entire game.
 C = Kills by friends in this place as a percentage of kills by friends in the entire game.
 D = Other kills in this place as a percentage of other kills in the entire game.
 E = Experience gained in this place as a percentage of experience gained in the entire game.
 F = Experience gained in this place divided by the number of levels of this place that you have seen.
                   A       B       C       D       E      F
               +-------+-------+-------+-------+-------+----------------------
         Total | 100.0 | 100.0 |   N/A |   N/A | 100.0 |  30.0
       Dungeon | 100.0 | 100.0 |   N/A |   N/A | 100.0 |  30.0
               +-------+-------+-------+-------+-------+----------------------

Table legend: (Time is in decaauts)
 A = Elapsed time spent in this place.
 B = Non-inter-level travel time spent in this place.
 C = Inter-level travel time spent in this place.
 D = Time resting spent in this place.
 E = Time spent auto-exploring this place.
 F = Levels seen in this place.
 G = Mean time per level.
                   A        B        C        D        E       F      G
               +--------+--------+--------+--------+--------+-----+--------+
         Total |   2142 |   2109 |     33 |    100 |   1627 |   3 |  714.0 |
       Dungeon |   2142 |   2109 |     33 |    100 |   1627 |   3 |  714.0 |
               +--------+--------+--------+--------+--------+-----+--------+

Top non-repeatable levels by time:
     D:1: 1218 daAuts
     D:2: 801 daAuts
     D:3: 122 daAuts
